 Dungeon Crawl Stone Soup version 0.30.1-6-gbe392663c4 (webtiles) character file.

Game seed: 11505750230128904071

143 NullDivider the Stinger (level 5, 0/31 HPs)
             Began as an Octopode Venom Mage on Sept 20, 2023.
             Slain by a giant cockroach (2 damage)
             ... on level 3 of the Dungeon.
             The game lasted 00:14:30 (3421 turns).

NullDivider the Stinger (Octopode Venom Mage)       Turns: 3421, Time: 00:14:31

Health: 0/31       AC:  1    Str:  8    XL:     5   Next: 25%
Magic:  5/9        EV: 14    Int: 17    God:
Gold:   164        SH:  0    Dex: 14    Spells: 3/9 levels left

rFire   . . .        n - staff of poison
rCold   . . .        (no shield)
rNeg    . . .        (helmet restricted)
rPois   +            (no amulet)
rElec   .            (no ring)
rCorr   .            (no ring)
SInv    .            (no ring)
Will    .....        (no ring)
Stlth   ++++         (no ring)
HPRegen 0.25/turn    (no ring)
MPRegen 0.11/turn    (no ring)
                     (no ring)

%: no passive effects
@: lethally poisoned (0 -> -2)
A: almost no armour, amphibious, 8 rings, camouflage 1, gelatinous body 1,
(nimble swimmer 1), tentacles
a: no special abilities


You were on level 3 of the Dungeon.
You visited 1 branch of the dungeon, and saw 3 of its levels.

You collected 164 gold pieces.

Inventory:

Magical Staves
 n - a staff of poison (weapon)
Scrolls
 c - 2 scrolls of enchant weapon {unknown}
 f - 2 scrolls of teleportation {unknown}
 i - a scroll of enchant armour {unknown}
 j - a scroll of magic mapping {unknown}
 l - a scroll of brand weapon {unknown}
 m - 5 scrolls of identify {unknown}
 p - a scroll of fear {unknown}
 q - a scroll of vulnerability {unknown}
 r - a scroll of blinking {unknown}
 s - a scroll of poison {unknown}
Potions
 a - a potion of magic
 b - 2 potions of brilliance {unknown}
 d - 2 potions of ambrosia {unknown}
 e - 2 potions of curing {unknown}
 g - a potion of heal wounds {unknown}
 h - 2 potions of degeneration {unknown}
 k - a potion of cancellation {unknown}
 o - a potion of mutation {unknown}


   Skills:
 + Level 3.0 Dodging
 + Level 4.1 Stealth
 + Level 2.8 Spellcasting
 - Level 1.0 Transmutations
 + Level 1.5 Air Magic
 + Level 4.5 Poison Magic


You had 3 spell levels left.
You knew the following spells:

 Your Spells              Type           Power      Damage    Failure   Level
a - Sting                 Tmut/Pois      68%        1d6       5%          1
b - Poisonous Vapours     Pois/Air       38%        N/A       8%          2
c - Mephitic Cloud        Conj/Pois/Air  13%        N/A       24%         3

Your spell library contained the following spells:

 Spells                   Type           Power      Damage    Failure   Level
 Olgreb's Toxic Radiance  Pois           27%        N/A       26%         4
 Blade Hands              Tmut           2%         N/A       97%         5
 Irradiate                Conj/Tmut      2%         3d12      99%         5
 Dragon Form              Tmut           2%         N/A       100%        7


Dungeon Overview and Level Annotations

Branches:
Dungeon (3/15)

Altars:
Ru
Zin

Portals:
Sewer: D:3

Annotations:
D:3 3 runed translucent doors, zen1337's ghost, amateur OpEE


Innate Abilities, Weirdness & Mutations

You cannot wear most types of armour.
You are amphibious.
You can wear up to eight rings at the same time.
Your skin changes colour to match your surroundings (Stealth+).
Your rubbery body absorbs attacks. (AC +1, EV +1)
((You are camouflaged when in or above water. (Stealth+)))
You have tentacles for arms and can constrict up to eight enemies at once.


Message History

You hit the adder.
You kill the adder!
You feel sick. The giant cockroach bites you.
The giant cockroach barely misses you. The adder bites you.
Your Dodging skill increases to level 3!
You hit the adder. Your grab misses the adder.
The adder is heavily wounded.
You feel sick.
You are no longer poisoned.
The giant cockroach barely misses you. The giant cockroach closely misses you.
The adder bites you.
You are poisoned.
The adder poisons you! The giant cockroach bites you.
* * * LOW HITPOINT WARNING * * *
The giant cockroach misses you. The adder misses you.
You hit the adder but do no damage. Your grab misses the adder.
The adder is heavily wounded.
You feel sick. The giant cockroach barely misses you.
The giant cockroach bites you.
* * * LOW HITPOINT WARNING * * *
The adder closely misses you.
Casting: Poisonous Vapours (safe; 8% risk of failure)
Confirm with . or Enter, or press ? or * to list all spells.
Aiming: Sting (safe; 5% risk of failure)
Press: ? - help, Shift-Dir - straight line, f - adder
Aim: an adder (heavily wounded, 57% to hit)
You feel a surge of power!
The sting hits the adder.
The adder is poisoned.
The adder is heavily wounded.
* * * LOW HITPOINT WARNING * * *
You feel sick. The adder bites you.
* * * LOW HITPOINT WARNING * * *
The giant cockroach bites you.
* * * LOW HITPOINT WARNING * * *
The giant cockroach completely misses you.
The giant cockroach barely misses you. The adder closely misses you.
You miss the adder. You grab the adder. You squeeze the adder.
You kill the adder!
* * * LOW HITPOINT WARNING * * *
You feel sick. The giant cockroach bites you.
You die...

#..# #...#
..#[.#.
..#####.####...#
..#.#..
...............#
..
.########.##...#
.S #..#...# ++
##.....# ..
####..# .. #..#
#@B# #†B......
#.#.###.. ......
#'##.##. ~~~#.#
.# #~~~#.# .
#~∩~#.# .##


You could see 2 giant cockroaches.

Vanquished Creatures
  An orc priest (D:3)
  An orc wizard (D:3)
  4 adders
  3 dart slugs
  3 orcs (D:3)
  6 ball pythons
  4 bats
  6 endoplasms
  3 giant cockroaches
  2 goblins
  7 hobgoblins
  A quokka (D:3)
  3 frilled lizards
  7 kobolds
  4 rats (D:2)
55 creatures vanquished.

Notes
Turn   | Place    | Note
-------+----------+-------------------------------------------
     0 | D:1      | NullDivider the Octopode Venom Mage began the quest for the
                  | Orb.
     0 | D:1      | Reached XP level 1. HP: 11/11 MP: 3/3
   280 | D:1      | Reached XP level 2. HP: 17/17 MP: 1/5
   405 | D:1      | Learned a level 2 spell: Poisonous Vapours
  1103 | D:1      | Reached XP level 3. HP: 15/21 MP: 3/6
  1472 | D:2      | Learned a level 3 spell: Mephitic Cloud
  2271 | D:2      | Reached XP level 4. HP: 27/27 MP: 4/7
  2823 | D:2      | Found a faded altar of an unknown god.
  2995 | D:3      | Found a glowing silver altar of Zin.
  2996 | D:3      | Found a sacrificial altar of Ru.
  3101 | D:3      | Reached skill level 1 in Air Magic
  3144 | D:3      | Reached XP level 5. HP: 31/31 MP: 2/9
  3309 | D:3      | Found a runed translucent gate.
  3310 | D:3      | Found a runed translucent gate.
  3310 | D:3      | Found a runed translucent gate.
  3311 | D:3      | Noticed zen1337's ghost (amateur OpEE)
  3405 | D:3      | Found a glowing drain.
  3421 | D:3      | Slain by a giant cockroach

Illustrated notes

Levels and vault maps discovered:
D:1:      dpeg_arrival_oval, layout_loops_ring, minmay_tromino_v4_a
D:2:      layout_basic, dilly_ecumenical_altar_fadedgnrine, minmay_bisected
D:3:      layout_basic, nicolae_uskayaw_dance_hall, nzn_hepliaklqana_mist_gate,
          nicolae_overflow_two_pavilions, gammafunk_ghost_split,
          gup_sewer_entry_glass, minmay_crystal_room, glass_columns_a

Skill      XL: |  1  2  3  4  5 |
---------------+----------------+-----
Stealth        | 3 4 |  4.1
Poison Magic   | 4 |  4.5
Air Magic      | 1 |  1.5
Dodging        | 3 |  3.0
Spellcasting   | |  2.8
Transmutations | |  1.0

Action                     |  1- 3 |  4- 6 || total
---------------------------+-------+-------++-------
  Melee: Unarmed           |    29 |       ||    29
         Constrict         |    13 |     5 ||    18
         Tentacles         |    10 |     5 ||    15
         Staff             |    14 |    24 ||    38
         Punch             |     2 |       ||     2
   Cast: Sting             |    32 |    11 ||    43
         Poisonous Vapours |    13 |    17 ||    30
   Stab: Sleeping          |     1 |       ||     1
 Armour: Skin              |     3 |     3 ||     6
  Dodge: Dodged            |    27 |    26 ||    53
